 Dungeon Crawl Stone Soup version 0.26-a0-738-g91b530ce93 (webtiles) character file.

Game seed: 14311568622802027996

275182 Chiseanne the Scorcher (level 19, -10/134 HPs)
             Began as a Demonspawn Hedge Wizard on Nov 3, 2020.
             Was an Initiate of Gozag.
             Killed from afar by a frost giant (34 damage)
             ... with a bolt of cold
             ... on level 3 of the Vaults on Nov 5, 2020.
             The game lasted 03:53:01 (51625 turns).

Chiseanne the Scorcher (Demonspawn Hedge Wizard)   Turns: 51625, Time: 03:53:02

Health: -10/134    AC: 21    Str: 19    XL:     19   Next: 55%
Magic:  0/47       EV: 25    Int: 22    God:    Gozag
Gold:   2439       SH: 18    Dex: 16    Spells: 8/48 levels left

rFire    + . .     SeeInvis +   s - +4 scimitar (flame)
rCold    . . .     Faith    .   L - +3 buckler {AC+3}
rNeg     + . .     Spirit   +   O - +1 leather armour of Tyazoz {rPois MP+9}
rPois    +         Reflect  .   X - +2 helmet {SInv}
rElec    +         Harm     .   g - +5 cloak of Amorality {rN+ Str+7 Dex+3}
rCorr    .         Rampage  .   Y - +2 pair of gloves {archery}
MR       +....                  U - +0 pair of boots of the Last Wonders {Slay+3}
Stlth    ++........             h - amulet of the Air {Inacc +Fly rElec EV+5 RMsl}
HPRegen  1.32/turn              r - +4 ring of slaying
MPRegen  0.60/turn              j - ring of Phasing {EV+8}

@: gold aura, repel missiles
A: talons 2, large bone plates 3, fire resistance 1, powered by death 3, magic
shield, magic regeneration, magic link, flame cloud immunity
}: 2/15 runes: decaying, gossamer
a: Potion Petition, Call Merchant, Bribe Branch, Renounce Religion, Evoke Flight


You were on level 3 of the Vaults.
You worshipped Gozag.
Gozag was most pleased with you.
You visited 8 branches of the dungeon, and saw 36 of its levels.
You also visited: Ossuary.

You collected 14804 gold pieces.
You spent 8018 gold pieces at shops.
You paid 4347 gold pieces to Gozag.

Inventory:

Hand Weapons
 a - a +3 demon trident of venom
 d - a +3 broad axe of electrocution
 s - a +4 scimitar of flaming (weapon)
 w - the +11 hunting sling of Youthful Indiscretion {vorpal, Int+3}
   (You found it on level 6 of the Lair of Beasts)

   Any stone fired from it inflicts extra damage.
   It affects your intelligence (+3).
Missiles
 b - 9 silver boomerangs (quivered)
 c - 3 throwing nets
 p - 123 sling bullets
 N - 6 boomerangs of dispersal
 V - 4 curare-tipped darts
Armour
 g - the +5 cloak of Amorality (worn) {rN+ Str+7 Dex+3}
   (You bought it in a shop on level 15 of the Dungeon)

   It affects your strength (+7).
   It affects your dexterity (+3).
   It protects you from negative energy.
 L - a +3 buckler of protection (worn)
 O - the +1 leather armour of Tyazoz (worn) {rPois MP+9}
   (You bought it in a shop on level 8 of the Dungeon)

   It protects you from poison.
   It affects your magic capacity (+9).
 U - the +0 pair of boots of the Last Wonders (worn) {Slay+3}
   (You bought it in a shop on level 14 of the Dungeon)

   It affects your accuracy and damage with ranged weapons and melee attacks
   (+3).
 X - a +2 helmet of see invisible (worn)
 Y - a +2 pair of gloves of archery (worn)
Jewellery
 h - the amulet of the Air (around neck) {Inacc +Fly rElec EV+5 RMsl}
   (You bought it in a shop on level 11 of the Dungeon)

   [amulet of inaccuracy]

   It reduces the accuracy of all your attacks.
   It affects your evasion (+5).
   It insulates you from electricity.
   It lets you fly.
   It protects you from missiles.
 j - the ring of Phasing (right hand) {EV+8}
   (You bought it in a shop on level 11 of the Dungeon)

   [ring of evasion]

   It affects your evasion (+8).
 r - a +4 ring of slaying (left hand)
 x - a +6 ring of intelligence {unknown}
 B - an uncursed ring of wizardry
Wands
 f - a wand of iceblast (10)
 q - a wand of disintegration (15)
 I - a wand of acid (3)
 J - a wand of flame (20)
 K - a wand of paralysis (33)
Scrolls
 e - a scroll of enchant armour
 i - 6 scrolls of identify
 m - a scroll of summoning
 t - a scroll of amnesia
 u - 13 scrolls of remove curse
 v - 4 scrolls of fog
 C - 5 scrolls of blinking
 E - 12 scrolls of teleportation
 S - 2 scrolls of magic mapping
Potions
 k - 13 potions of heal wounds
 l - 3 potions of berserk rage
 n - 2 potions of haste
 o - 5 potions of stabbing
 y - 17 potions of curing
 z - 3 potions of cancellation
 A - 2 potions of resistance
 D - a potion of mutation
 M - 8 potions of flight
 P - 4 potions of might
Miscellaneous
 R - a tin of tremorstones (3/3)
 T - a condenser vane (2/2)


   Skills:
 - Level 7.7 Fighting
 - Level 5.0 Armour
 - Level 1.7 Dodging
 - Level 1.7 Stealth
 - Level 12.2 Shields
 - Level 15.3 Spellcasting
 - Level 13.9 Conjurations
   Level 1.0 Summonings
 - Level 0.8 Translocations
 * Level 19.0 Fire Magic
 - Level 10.0 Air Magic


You had 8 spell levels left.
You knew the following spells:

 Your Spells              Type           Power        Failure   Level
a - Conjure Ball Lightni  Conj/Air       ######....   4%          6
b - Searing Ray           Conj           ######       1%          2
c - Lightning Bolt        Conj/Air       ######....   1%          5
d - Fireball              Conj/Fire      ######....   1%          5
e - Ignite Poison         Fire/Tmut/Pois #####...     1%          3
f - Mephitic Cloud        Conj/Pois/Air  ######..     1%          3
g - Blink                 Tloc           N/A          4%          2
h - Ignition              Fire           #######...   11%         8
i - Iron Shot             Conj/Erth      #####.....   34%         6

Your spell library contained the following spells:

 Spells                   Type           Power        Failure   Level
 Magic Dart               Conj           ####         0%          1
 Conjure Flame            Conj/Fire      ######..     0%          3
 Shock                    Conj/Air       ####         1%          1
 Corpse Rot               Necr/Air       N/A          1%          2
 Poisonous Vapours        Pois/Air       #####.       1%          2
 Swiftness                Air            ######..     1%          2
 Static Discharge         Conj/Air       ######..     1%          3
 Stone Arrow              Conj/Erth      #####.       1%          3
 Airstrike                Air            ######....   1%          4
 Starburst                Conj/Fire      ######....   1%          6
 Sting                    Tmut/Pois      ###.         4%          1
 Call Imp                 Summ           ###.....     4%          2
 Slow                     Hex            ###.....     6%          2
 Gell's Gravitas          Tloc           ###.......   9%          3
 Confusing Touch          Hex            ###.....     12%         3
 Freezing Cloud           Conj/Ice/Air   ######....   22%         6
 Ice Form                 Ice/Tmut       ###.....     36%         4
 Olgreb's Toxic Radiance  Pois           ###.....     36%         4
 Petrify                  Tmut/Erth      ###.....     36%         4
 Summon Forest            Summ/Tloc      ###.......   58%         5
 Metabolic Englaciation   Hex/Ice        ###.......   73%         5
 Yara's Violent Unravell  Hex/Tmut       ###.......   73%         5
 Eringya's Noxious Bog    Tmut/Pois      ###.......   99%         6
 Hydra Form               Tmut           ###.......   99%         6
 Ozocubu's Refrigeration  Ice            ###.......   99%         6
 Simulacrum               Ice/Necr       ###.......   99%         6
 Summon Hydra             Summ           ###.......   100%        7


Dungeon Overview and Level Annotations

Branches:
Dungeon (15/15)            Temple (1/1) D:4            Lair (6/6) D:11
  Swamp (4/4) Lair:3       Spider (4/4) Lair:4        Slime (0/5) Lair:5
    Orc (2/2) D:12            Elf (1/3) Orc:2        Vaults (3/5) D:13
  Crypt (0/3) Vaults:3     Depths (0/5) D:15        Ossuary (visited)

Altars:
Ashenzari
Cheibriados
Dithmenos
Elyvilon
Fedhas
Gozag
Hepliaklqana
Kikubaaqudgha
Makhleb
Nemelex Xobeh
Okawaru
Qazlal
Ru
Sif Muna
Trog
Uskayaw
Vehumet
Wu Jian
Xom
Yredelemnul
Zin
The Shining One
Beogh
Jiyva

Shops:
D:4 ?   D:5 ?   D:8 *   D:9 *   D:11 =   D:14 [   D:15 [([   Orc:2 }*[*
Vaults:2 }(*

Portals:
Pandemonium: Orc:2
Trove: Vaults:1 (give +8 demon trident)

Annotations:
D:5 3 runed translucent doors, paps's ghost, amateur GnDe
D:14 1 runed translucent door, Vejem's ghost, journeyman GrEE
Spider:2 exclusion: downstairs
Spider:3 1 runed translucent door
Vaults:2 3 runed translucent doors, 2 transporters, exclusion: obsidian statue, Ecu Hasm's ghost, adept GnSk; Miduin's ghost, adept TeSu; Plog's ghost, adept FeBe


Innate Abilities, Weirdness & Mutations

You have razor-sharp toenails.
You are completely covered in large bone plates. (SH +8)
Your flesh is heat resistant. (rF+)
You regenerate a lot of health from kills.
When hurt, damage is shared between your health and your magic reserves.
You regenerate magic rapidly.
When low on magic, you restore magic in place of health.
You are immune to clouds of flame.


Message History

The blast of lightning engulfs you. You resist.
* * * LOW HITPOINT WARNING * * *
The blast of lightning engulfs the frost giant!
The frost giant is heavily wounded.
The blast of lightning engulfs your ball lightning.
Your ball lightning completely resists.
The frost giant hits you but does no damage.
Your ball lightning explodes!
The blast of lightning engulfs you. You resist.
* * * LOW HITPOINT WARNING * * *
The blast of lightning engulfs the frost giant!!
The frost giant is severely wounded.
Casting: Conjure Ball Lightning (dangerous; 4% risk of failure)
Confirm with . or Enter, or press ? or * to list all spells.
You create some ball lightning! 3 ball lightnings come into view.
The frost giant casts a spell at you. The bolt of cold hits you!!!
You die...
Your body crumbles into a pile of gold.

........[.# #.. ########'##
#......# #.. #......# #......#
#.. #......# #......######### #..
#...>..# #......##......# #..
#......# #......##....<.# #..
#......# #......##......# #..
#......# #....**##......# #..
######## #...@..##......# #..
#.$C...##......# #..
##############*##########'#####..
.................................
.................................
.................................
.................................
...........########..............
...........# #..............


You could see a frost giant and 3 friendly ball lightnings.

Vanquished Creatures
  Asterion (Spider:4)
  Jorgrun (Spider:1)
  A lich (Vaults:1)
  Kirke (Spider:4)
  Agnes (Spider:1)
  A sphinx (Vaults:2)
  2 thorn hunters
  Donald (Lair:4)
  A deep elf sorcerer (Elf:1)
  3 ghost moths (Spider:4)
  6 vault wardens
  2 orc warlords (D:12)
  4 emperor scorpions
  A very ugly thing (Vaults:3)
  9 ironheart preservers
  A war gargoyle (Vaults:3)
  3 stone giants
  6 entropy weavers
  Nessos (Lair:6)
  2 deep elf annihilators (Vaults:3)
  4 bunyips
  3 spark wasps
  2 deep elf death magi (Vaults:3)
  An ettin (Vaults:3)
  5 yaktaur captains
  A fire dragon (D:15)
  Josephine (D:11)
  7 vault guards
  A shambling mangrove (Swamp:4)
  A great orb of eyes (Vaults:2)
  The ghost of Bapho the Carver, a journeyman DrBe of Trog (Orc:1)
  7 boulder beetles
  2 rakshasas
  Erolcha (D:11)
  The ghost of Majang the Cleaver, a journeyman FoFi of Gozag (Orc:1)
  Erica (D:11)
  19 hydras
  5 ice dragons
  4 centaur warriors
  A catoblepas (Lair:6)
  7 alligators
  15 two-headed ogres
  5 ogre magi
  A tengu warrior (D:13)
  Urug (Lair:6)
  2 goliath frogs
  A sun demon (D:12)
  A soul eater (Orc:1)
  7 orc high priests
  3 deep elf knights (Vaults:3)
  7 skeletal warriors
  6 spriggan druids
  A torturous demonspawn (Orc:2)
  3 deep elf archers
  A glowing orange brain (Vaults:2)
  An unseen horror (D:11)
  7 ironbrand convokers
  13 orc knights
  9 swamp dragons
  23 orb spiders
  5 cyclopes
  33 wolf spiders
  A manticore (D:14)
  A shadow dragon skeleton (Vaults:3)
  10 orc sorcerers
  12 deep elf magi
  31 ugly things
  2 oklob plants (D:11)
  2 will-o-the-wisps (Swamp:2)
  2 moths of wrath
  A fire giant skeleton (Vaults:3)
  An elephant (Lair:5)
  5 vault sentinels
  4 stone giant skeletons (Vaults:3)
  5 black mambas
  A smoke demon (Orc:2)
  17 cane toads
  5 centaur skeletons
  An orange demon (Orc:2)
  A guardian serpent (Lair:6)
  A cane toad (shapeshifter) (Vaults:1)
  2 rime drakes
  A yaktaur (shapeshifter) (Vaults:1)
  5 komodo dragons
  15 yaktaurs
  14 demonic crawlers
  3 freezing wraiths
  3 hellwings (Orc:2)
  2 tengu conjurers
  8 trolls
  A polar bear (Lair:2)
  43 jumping spiders
  A bloated husk (Swamp:1)
  18 hornets
  10 tyrant leeches
  8 blink frogs
  3 bog bodies
  7 slime creatures
  4 dream sheep (Lair:6)
  2 centaur simulacra
  A raiju (shapeshifter) (Vaults:1)
  A human simulacrum (Vaults:2)
  An ettin skeleton (Vaults:3)
  12 spriggans
  An air elemental (Elf:1)
  2 shadows
  77 redbacks
  18 wyverns
  5 basilisks
  3 water elementals
  26 tarantellas
  7 wraiths
  A yak (shapeshifter) (Vaults:3)
  7 vampire mosquitoes
  53 yaks
  5 hogs (Spider:4)
  A chaos spawn (Orc:2)
  A human (shapeshifter) (Vaults:3)
  4 wargs
  10 swamp worms
  A soldier ant (D:13)
  An acid dragon (Vaults:2)
  17 water moccasins
  Duvessa (D:7)
  10 swamp drakes
  A black bear (Lair:1)
  12 ice beasts
  51 orc warriors
  2 necrophages (D:14)
  3 sky beasts
  2 phantoms
  A ball lightning (Vaults:2)
  10 centaurs
  6 wolves (Lair:5)
  32 ogres
  An elf skeleton (Vaults:3)
  2 big kobolds (D:12)
  25 bullfrogs
  A gnoll sergeant (D:12)
  5 human skeletons (Vaults:3)
  6 scorpions
  Dowan (D:7)
  8 killer bees (D:12)
  3 howler monkeys
  18 wights
  8 electric eels
  6 centaur zombies
  A quasit (D:5)
  A wyvern simulacrum (D:14)
  4 jellies
  29 orc priests
  2 bullfrog skeletons
  8 hounds
  A human zombie (Ossuary)
  A gnoll shaman (D:10)
  An iguana (D:8)
  15 orc wizards
  4 hell rats (Lair:3)
  12 worker ants
  A killer bee zombie (D:8)
  A big kobold zombie (Ossuary)
  2 hound skeletons
  4 mummies (Ossuary)
  7 gnolls
  11 adders
  2 howler monkey skeletons
  3 shadow imps
  4 white imps
  An ufetubus (D:7)
  2 adder zombies
  4 worms
  9 leopard geckos
  98 orcs
  6 giant cockroaches
  4 hobgoblins
  4 jackals (D:1)
  5 quokkas
  9 bats
  6 frilled lizards
  5 goblins
  A goblin zombie (D:4)
  A jackal zombie (D:5)
  11 kobolds
  A kobold zombie (Ossuary)
  A leopard gecko skeleton (D:4)
  3 orc zombies (Ossuary)
  A quokka zombie (D:4)
  7 rats
  A bush (Lair:6)
1285 creatures vanquished.

Vanquished Creatures (collateral kills)
  A vault guard (D:13)
  13 ball lightnings
14 creatures vanquished.

Vanquished Creatures (others)
  A dancing weapon (Elf:1)
  A bog body (Swamp:1)
  An orb spider (Spider:1)
  A deep elf mage (Elf:1)
  A slime creature (D:13)
  A centaur skeleton (D:15)
  A hornet (Swamp:1)
  A bloated husk (Swamp:2)
  An air elemental (Elf:1)
  A sky beast (D:12)
  951 ball lightnings
  6 foxfires
  33 fungi
  85 plants
  5 toadstools (Swamp:2)
  4 withered plants (Vaults:2)
1094 creatures vanquished.

Grand Total: 2393 creatures vanquished

Notes
Turn   | Place    | Note
-------+----------+-------------------------------------------
     0 | D:1      | Chiseanne the Demonspawn Hedge Wizard began the quest for
                  | the Orb.
     0 | D:1      | Reached XP level 1. HP: 13/13 MP: 4/4
   312 | D:1      | Gained mutation: You regenerate a little health from kills.
                  | [demonic ancestry]
   312 | D:1      | Reached XP level 2. HP: 19/19 MP: 1/6
  1237 | D:2      | Gained mutation: You are partially covered in large bone
                  | plates. (SH +4) [demonic ancestry]
  1237 | D:2      | Reached XP level 3. HP: 24/24 MP: 1/8
  1579 | D:2      | Learned a level 2 spell: Blink
  1583 | D:2      | Learned a level 3 spell: Mephitic Cloud
  2318 | D:2      | Gained mutation: When hurt, damage is shared between your
                  | health and your magic reserves. [demonic ancestry]
  2318 | D:2      | Reached XP level 4. HP: 30/30 MP: 3/9
  3093 | D:3      | Found a stormy altar of Qazlal.
  3384 | D:4      | Noticed an ogre
  3395 | D:4      | Killed an ogre
  3395 | D:4      | Gained mutation: You regenerate health from kills. [demonic
                  | ancestry]
  3395 | D:4      | Reached XP level 5. HP: 26/35 MP: 2/11
  3777 | D:4      | Found a sand-covered staircase.
  3824 | Ossuary  | Entered an ossuary
  3885 | Ossuary  | Gained mutation: You regenerate magic rapidly. [demonic
                  | ancestry]
  3885 | Ossuary  | Reached XP level 6. HP: 23/41 MP: 0/13
  4045 | Ossuary  | Reached skill level 5 in Spellcasting
  4762 | D:4      | Found a staircase to the Ecumenical Temple.
  4771 | Temple   | Entered the Ecumenical Temple
  4902 | Temple   | Became a worshipper of Gozag Ym Sagoz the Greedy
  4927 | D:4      | Reached skill level 5 in Conjurations
  5289 | D:4      | Found Buegikk's Magic Scroll Shop.
  5292 | D:4      | Bought a scroll of torment for 82 gold pieces
  5292 | D:4      | Bought a scroll of teleportation for 33 gold pieces
  5292 | D:4      | Bought a scroll of enchant weapon for 82 gold pieces
  5342 | D:5      | Entered Level 5 of the Dungeon
  5346 | D:5      | Noticed paps's ghost (amateur GnDe)
  5414 | D:5      | Found a runed translucent gate.
  5414 | D:5      | Found a runed translucent gate.
  5414 | D:5      | Found a runed translucent gate.
  5441 | D:5      | Gained mutation: When low on magic, you restore magic in
                  | place of health. [demonic ancestry]
  5441 | D:5      | Reached XP level 7. HP: 25/46 MP: 7/15
  5827 | D:5      | Found Macagil's Magic Scroll Shop.
  5830 | D:5      | Bought a scroll of identify for 26 gold pieces
  5830 | D:5      | Bought a scroll of magic mapping for 45 gold pieces
  6707 | D:4      | Bought a scroll of identify for 22 gold pieces
  6707 | D:4      | Bought a scroll of identify for 22 gold pieces
  6707 | D:4      | Bought a scroll of identify for 22 gold pieces
  6707 | D:4      | Bought a scroll of identify for 22 gold pieces
  6707 | D:4      | Bought a scroll of identify for 22 gold pieces
  6989 | D:6      | Got a pitted spear
  6992 | D:6      | Identified the cursed +3 spear "Demonspawn's Foe" {vorpal,
                  | Fragile +Blink MR++} (You found it on level 6 of the
                  | Dungeon)
  7016 | D:6      | Gained mutation: You are mostly covered in large bone
                  | plates. (SH +6) [demonic ancestry]
  7016 | D:6      | Reached XP level 8. HP: 43/52 MP: 9/18
  7855 | D:7      | Noticed Duvessa
  8086 | D:7      | Noticed Dowan
  8099 | D:7      | Killed Dowan
  8176 | D:7      | Killed Duvessa
  8277 | D:7      | Found a radiant altar of Vehumet.
  8716 | D:8      | Gained mutation: You are completely covered in large bone
                  | plates. (SH +8) [demonic ancestry]
  8716 | D:8      | Reached XP level 9. HP: 51/57 MP: 19/21
  9086 | D:8      | Noticed a two-headed ogre
  9101 | D:8      | Killed a two-headed ogre
  9653 | D:8      | Found Venko's Assorted Antiques.
  9671 | D:8      | Bought a scroll labeled KACOMA ILIAWNA for 30 gold pieces
  9671 | D:8      | Bought a smoking leather armour for 210 gold pieces
  9673 | D:8      | Identified the cursed +1 leather armour of Tyazoz {rPois
                  | MP+9} (You bought it in a shop on level 8 of the Dungeon)
  9686 | D:8      | Bought a potion of curing for 90 gold pieces
  9686 | D:8      | Bought a potion of curing for 90 gold pieces
  9686 | D:8      | Bought a scroll of fear for 105 gold pieces
 10047 | D:9      | Reached skill level 10 in Conjurations
 10107 | D:9      | Noticed a troll
 10127 | D:9      | Killed a troll
 10127 | D:9      | Reached skill level 1 in Armour
 10222 | D:9      | Found Tepootef's General Store.
 10253 | D:9      | Reached XP level 10. HP: 63/63 MP: 23/23
 10271 | D:9      | Bought a potion of might for 64 gold pieces
 10752 | D:9      | Reached skill level 10 in Spellcasting
 11001 | D:10     | Entered Level 10 of the Dungeon
 11879 | D:11     | Noticed an oklob plant
 11880 | D:11     | Noticed Erica
 11910 | D:11     | Noticed Josephine
 11924 | D:11     | Killed Josephine
 11924 | D:11     | Reached skill level 1 in Shields
 11935 | D:11     | Killed Erica
 11974 | D:11     | Reached XP level 11. HP: 35/68 MP: 25/25
 12236 | D:11     | Found a staircase to the Lair.
 12236 | D:11     | Noticed an oklob plant
 12730 | D:11     | Noticed a two-headed ogre
 12745 | D:11     | Killed a two-headed ogre
 12745 | D:11     | Reached skill level 5 in Armour
 12844 | D:11     | Noticed Erolcha
 12857 | D:11     | Killed Erolcha
 13397 | D:11     | Noticed a two-headed ogre
 13435 | D:11     | Killed a two-headed ogre
 13435 | D:11     | Reached skill level 1 in Fighting
 13617 | D:11     | Noticed a boulder beetle
 13634 | D:11     | Noticed a five-headed hydra
 13649 | D:11     | Killed a five-headed hydra
 13662 | D:11     | Killed a boulder beetle
 14132 | D:12     | Learned a level 5 spell: Lightning Bolt
 14286 | D:12     | Found a staircase to the Orcish Mines.
 14313 | D:12     | Reached skill level 5 in Shields
 14473 | D:12     | Noticed a cyan ugly thing
 14518 | D:12     | Killed a cyan ugly thing
 14518 | D:12     | Reached XP level 12. HP: 83/83 MP: 27/27
 14667 | D:12     | Found a broken altar of Ashenzari.
 14671 | D:12     | Saw a vision of the Swamp and the Spider Nest.
 14671 | D:12     | Noticed an alligator
 15625 | D:13     | Noticed a centaur warrior
 15629 | D:13     | Noticed a tengu warrior
 15640 | D:13     | Killed a tengu warrior
 15655 | D:13     | Killed a centaur warrior
 16080 | D:13     | Reached skill level 5 in Fighting
 16111 | D:13     | Noticed an eight-headed hydra
 16124 | D:13     | Killed an eight-headed hydra
 16164 | D:13     | Noticed a centaur warrior
 16179 | D:13     | Killed a centaur warrior
 16603 | D:13     | Noticed a vault guard
 16630 | D:13     | Noticed a vault guard
 16644 | D:13     | Noticed a vault guard
 16654 | D:13     | Killed a vault guard
 16664 | D:13     | Killed a vault guard
 16838 | D:13     | Noticed a vault guard
 16867 | D:13     | Killed a vault guard
 16894 | D:13     | Killed a vault guard
 17123 | D:13     | Found a gate to the Vaults.
 17299 | D:11     | Bought the amulet "Xidu" {Acrobat *Corrode rN++ Int+2} for
                  | 599 gold pieces
 17966 | D:14     | Gained mutation: You regenerate a lot of health from kills.
                  | [demonic ancestry]
 17966 | D:14     | Reached XP level 13. HP: 94/95 MP: 29/29
 18048 | D:14     | Found a runed translucent door.
 18621 | D:14     | Noticed Vejem's ghost (journeyman GrEE)
 18794 | D:5      | Bought a scroll of acquirement for 676 gold pieces
 18804 | D:5      | Acquired Zomutim's Volume of Conjuration
 18809 | D:5      | Learned a level 2 spell: Searing Ray
 18816 | D:5      | Learned a level 6 spell: Conjure Ball Lightning
 18827 | D:5      | Bought a scroll of teleportation for 39 gold pieces
 18827 | D:5      | Bought a scroll of identify for 26 gold pieces
 18827 | D:5      | Bought a scroll of identify for 26 gold pieces
 19024 | D:15     | Entered Level 15 of the Dungeon
 19183 | D:15     | Reached skill level 1 in Air Magic
 21067 | D:15     | Found a staircase to the Depths.
 21067 | D:15     | Noticed a fire dragon
 21475 | Orc:1    | Entered Level 1 of the Orcish Mines
 21944 | Orc:1    | Upgraded the game from 0.26-a0-720-g2a1d101370 to
                  | 0.26-a0-737-g4e9f4955e2
 22043 | Orc:1    | Found a runed translucent gate.
 22043 | Orc:1    | Found a runed translucent gate.
 22043 | Orc:1    | Found a runed translucent gate.
 22043 | Orc:1    | You fall into a shaft and drop 1 floor!
 22043 | Orc:2    | Entered Level 2 of the Orcish Mines
 22293 | Orc:1    | Noticed Bapho's ghost (journeyman DrBe)
 22293 | Orc:1    | Noticed Majang's ghost (journeyman FoFi)
 22375 | Orc:1    | Noticed an orc warlord
 22503 | D:12     | Killed an orc warlord
 22887 | Orc:1    | Noticed an orc warlord
 22962 | D:12     | Killed an orc warlord
 23137 | Orc:1    | Got a brightly glowing leather armour
 23140 | Orc:1    | Identified the +1 leather armour of Makhleb's Inspiration
                  | {Harm Int-3 SInv} (You found it on level 1 of the Orcish
                  | Mines)
 24276 | D:14     | Bought the cursed +0 pair of boots of the Last Wonders
                  | {Slay+3} for 316 gold pieces
 24276 | D:14     | Bought a +1 helmet of see invisible for 247 gold pieces
 24276 | D:14     | Bought a +1 pair of gloves of archery for 247 gold pieces
 24470 | D:15     | Killed a fire dragon
 24470 | D:15     | Reached skill level 5 in Air Magic
 24700 | D:15     | Gained mutation: You have sharp toenails. [demonic
                  | ancestry]
 24700 | D:15     | Reached XP level 14. HP: 47/104 MP: 22/31
 25964 | Orc:2    | Found Qaugh's General Store.
 26043 | Orc:2    | Found Sael's General Store.
 26070 | Orc:2    | Reached skill level 10 in Shields
 26083 | Orc:2    | Paralysed by an orc sorcerer for 7 turns
 26515 | Orc:2    | Bought a scroll of fear for 52 gold pieces
 26515 | Orc:2    | Bought a potion of flight for 45 gold pieces
 26958 | Orc:2    | Found a staircase to the Elven Halls.
 26965 | Orc:2    | Found a roughly hewn altar of Beogh.
 27199 | Orc:2    | Found Xaiddeb's Gadget Shoppe.
 27199 | Orc:2    | Found Anular's Antique Armour Emporium.
 27200 | Orc:2    | Found a one-way gate leading to the halls of Pandemonium.
 27204 | Orc:2    | Bought a bloodstained scale mail for 306 gold pieces
 27204 | Orc:2    | Bought a smoking chain mail for 323 gold pieces
 27205 | Orc:2    | Identified the +2 scale mail of the New World {Str+3} (You
                  | bought it in a shop on level 2 of the Orcish Mines)
 27210 | Orc:2    | Identified the +1 chain mail of Pelonapp {*Slow Str+4} (You
                  | bought it in a shop on level 2 of the Orcish Mines)
 27213 | Orc:2    | Bought a pair of glowing gloves for 255 gold pieces
 27213 | Orc:2    | Bought a runed helmet for 255 gold pieces
 27455 | Lair:1   | Entered Level 1 of the Lair of Beasts
 29626 | Lair:3   | Found a staircase to the Swamp.
 29783 | Lair:3   | Got a pitted helmet
 29784 | Lair:3   | Identified the cursed +0 helmet "Coxzet" {-Tele rN+ Regen+
                  | rCorr} (You found it on level 3 of the Lair of Beasts)
 30423 | Lair:4   | Found a hole to the Spider Nest.
 30521 | Lair:4   | Gained mutation: Your flesh is heat resistant. (rF+)
                  | [demonic ancestry]
 30521 | Lair:4   | Reached XP level 15. HP: 93/110 MP: 33/33
 30703 | Lair:4   | Found a burning altar of Makhleb.
 31183 | Lair:5   | Found a staircase to the Slime Pits.
 31183 | Lair:5   | Found a viscous altar of Jiyva.
 31188 | Lair:5   | Acquired 432 gold pieces
 31409 | Lair:5   | Reached skill level 15 in Spellcasting
 31576 | Lair:5   | Found a frozen archway.
 32104 | Lair:6   | Entered Level 6 of the Lair of Beasts
 32949 | Lair:6   | Identified the +11 hunting sling of Youthful Indiscretion
                  | {vorpal, Int+3} (You found it on level 6 of the Lair of
                  | Beasts)
 33264 | Lair:6   | Noticed Urug
 33279 | Lair:6   | Killed Urug
 33588 | Lair:6   | Noticed Nessos
 33611 | Lair:6   | Killed Nessos
 34691 | D:5      | Bought a scroll of blinking for 97 gold pieces
 34819 | D:11     | Bought the amulet of the Air {Inacc +Fly rElec EV+5 RMsl}
                  | for 618 gold pieces
 34819 | D:11     | Found the amulet of the Air {Inacc +Fly rElec EV+5 RMsl}
 34847 | D:11     | Bought the ring of Phasing {EV+8} for 1664 gold pieces
 34847 | D:11     | Found the ring of Phasing {EV+8}
 35072 | Orc:2    | Bought a scroll of brand weapon for 300 gold pieces
 35141 | D:11     | Learned a level 5 spell: Fireball
 35506 | Swamp:1  | Entered Level 1 of the Swamp
 35525 | Swamp:1  | Reached skill level 1 in Fire Magic
 35549 | Swamp:1  | Reached skill level 2 in Fire Magic
 35702 | Swamp:1  | Reached skill level 3 in Fire Magic
 36017 | Swamp:1  | Reached skill level 4 in Fire Magic
 36174 | Swamp:2  | Noticed a thorn hunter
 36421 | Swamp:1  | Killed a thorn hunter
 36458 | Swamp:1  | Learned a level 3 spell: Ignite Poison
 36635 | Swamp:1  | Reached skill level 5 in Fire Magic
 36786 | Swamp:2  | Gained mutation: You have razor-sharp toenails. [demonic
                  | ancestry]
 36786 | Swamp:2  | Reached XP level 16. HP: 101/116 MP: 24/35
 36978 | Swamp:3  | Noticed a thorn hunter
 37325 | Swamp:3  | Killed a thorn hunter
 37331 | Swamp:3  | Reached skill level 6 in Fire Magic
 37512 | Swamp:4  | Entered Level 4 of the Swamp
 37634 | Swamp:4  | Reached skill level 7 in Fire Magic
 37871 | Swamp:4  | Noticed a thorn hunter
 38003 | Swamp:4  | Reached skill level 8 in Fire Magic
 38048 | Swamp:4  | Got a decaying rune of Zot
 38328 | D:4      | Bought a scroll of enchant armour for 82 gold pieces
 38328 | D:4      | Bought a scroll of immolation for 38 gold pieces
 38328 | D:4      | Bought a scroll of identify for 22 gold pieces
 38545 | Orc:1    | Killed Bapho's ghost
 38548 | Orc:1    | Killed Majang's ghost
 38999 | Elf:1    | Entered Level 1 of the Elven Halls
 39539 | D:15     | Upgraded the game from 0.26-a0-737-g4e9f4955e2 to
                  | 0.26-a0-738-g91b530ce93
 39705 | Spider:1 | Entered Level 1 of the Spider Nest
 39708 | Spider:1 | Noticed Jorgrun
 39803 | Spider:1 | Noticed Donald
 39810 | Lair:4   | Reached skill level 10 in Air Magic
 40243 | Lair:4   | Reached skill level 9 in Fire Magic
 40313 | Lair:4   | Killed Donald
 40338 | Spider:1 | Killed Jorgrun
 40794 | Lair:4   | Reached skill level 10 in Fire Magic
 41227 | Spider:1 | Reached XP level 17. HP: 115/122 MP: 32/36
 41235 | Spider:1 | Noticed Agnes
 41241 | Spider:1 | Killed Agnes
 41615 | Spider:2 | Reached skill level 11 in Fire Magic
 42673 | Spider:3 | Reached skill level 12 in Fire Magic
 43384 | Spider:3 | Reached skill level 13 in Fire Magic
 43527 | Spider:3 | Found a runed translucent door.
 43971 | Spider:4 | Entered Level 4 of the Spider Nest
 43971 | Spider:4 | Noticed Kirke
 43979 | Spider:4 | Killed Kirke
 44002 | Spider:4 | Noticed Asterion
 44012 | Spider:4 | Killed Asterion
 44515 | Spider:4 | Reached skill level 14 in Fire Magic
 45036 | Spider:4 | Reached XP level 18. HP: 95/128 MP: 14/37
 45922 | Spider:4 | Reached skill level 15 in Fire Magic
 46209 | Spider:4 | Got a gossamer rune of Zot
 46772 | D:15     | Learned a level 8 spell: Ignition
 46779 | D:15     | Learned a level 6 spell: Iron Shot
 46804 | D:15     | Bought a pair of bloodstained gloves for 199 gold pieces
 46804 | D:15     | Bought a translucent cloak for 199 gold pieces
 46804 | D:15     | Bought an ichor-stained troll leather armour for 420 gold
                  | pieces
 46811 | D:15     | Identified the +1 pair of gloves of Insecurity {-Tele rN++
                  | rCorr SInv} (You bought it in a shop on level 15 of the
                  | Dungeon)
 46813 | D:15     | Identified the +5 cloak of Amorality {rN+ Str+7 Dex+3} (You
                  | bought it in a shop on level 15 of the Dungeon)
 46825 | D:15     | Identified the +4 troll leather armour "Akiakani" {Regen+
                  | Str+4} (You bought it in a shop on level 15 of the Dungeon)
 46950 | Vaults:1 | Entered Level 1 of the Vaults
 47382 | Vaults:1 | Paralysed by an orc sorcerer for 2 turns
 47394 | Vaults:1 | Reached skill level 16 in Fire Magic
 48372 | Vaults:1 | Found a portal to a secret trove of treasure.
 48976 | Vaults:2 | Reached skill level 17 in Fire Magic
 49122 | Vaults:2 | Gained mutation: You are immune to clouds of flame.
                  | [demonic ancestry]
 49122 | Vaults:2 | Reached XP level 19. HP: 30/134 MP: 16/38
 49130 | Vaults:2 | Found Bime Nil's Antique Weapon Shoppe.
 49593 | Vaults:2 | Found Teulid's Gadget Emporium.
 49820 | Vaults:2 | Found a runed translucent gate.
 49820 | Vaults:2 | Found a runed translucent gate.
 49820 | Vaults:2 | Found a runed translucent gate.
 49821 | Vaults:2 | Noticed Ecu Hasm's ghost (adept GnSk)
 49928 | Vaults:2 | Found Erogitz's Assorted Antiques.
 49992 | Vaults:2 | Found a transporter.
 49995 | Vaults:2 | Identified the +3 leather armour "Zoitywk" {+Blink Stlth+}
 49995 | Vaults:2 | Identified the amulet "Ocroru" {Reflect rPois Dex+2 SH+5}
 50008 | Vaults:2 | Found a transporter.
 50335 | Vaults:2 | Noticed Plog's ghost (adept FeBe)
 50337 | Vaults:2 | Noticed Miduin's ghost (adept TeSu)
 50453 | Vaults:3 | Reached skill level 18 in Fire Magic
 51373 | Vaults:3 | Found a staircase to the Crypt.
 51381 | Vaults:3 | Reached skill level 19 in Fire Magic
 51625 | Vaults:3 | Killed from afar by a frost giant

Illustrated notes

Levels and vault maps discovered:
D:1:      dpeg_arrival_pond, layout_loops_cross, kennysheep_small_spiral
D:2:      layout_loops_ring
D:3:      layout_loops_ring, nicolae_qazlal_general_emergency
D:4:      layout_rooms, minmay_temple_entry_poolview, serial_shops,
          nicolae_shop_behind_doors, enter_ossuary_4, kennysheep_diamond
D:5:      layout_layer_cave, gammafunk_ghost_split, serial_shops,
          kennysheep_mini
D:6:      layout_loops_ring
D:7:      layout_loops_ring, vehumet_crystals, uniq_duvessa
D:8:      layout_basic, serial_shops, nicolae_shop_waterfront
D:9:      layout_basic, serial_shops, nicolae_shop_stone
D:10:     layout_loops_ring
D:11:     layout_loops_corners, dpeg_oklobed_lair, uniq_erolcha, uniq_josephine,
          uniq_erica
D:12:     layout_cave_pools, kennysheep_orc_monster_closet_entryway,
          minivault_25_ag, grunt_ashenzari_visionary
          [grunt_ashenzari_visionary_swamp, grunt_ashenzari_visionary_spider]
D:13:     layout_basic, lightli_vaults_fourway_checkpoint
D:14:     layout_loops_cross, ebering_ghost_reflecting_pool, drop_trap
D:15:     grunt_enter_depths_hoard, layout_irregular_city, minivault_24
Temple:   compressed_dpeg_circular_temple
Lair:1:   layout_chaotic_city, serial_rivers, chequers_serial_rivers_small_a,
          chequers_serial_rivers_small_b, chequers_serial_rivers_micro_a,
          chequers_serial_rivers_room_b, grunt_megastairs_1
Lair:2:   layout_regular_city
Lair:3:   layout_concentric_octagons, skrybe_swamp_entry_bodies
Lair:4:   layout_loops_ring, nicolae_spider_entry_orb_guardian, basic_altar
Lair:5:   layout_gridlike, slime_altar_1, portal_ice_cave_entry_ice_beasts,
          beast_lair_carwin_5
Lair:6:   hangedman_lair_tendril_chambers, layout_cave_pods, uniq_nessos,
          uniq_urug
Swamp:1:  layout_basic_swamp, evilmike_swamp_ruin_house_2,
          hangedman_swamp_wriggling
Swamp:2:  cheibrodos_swamp_tower_of_moss, layout_basic_swamp, serial_swamp_ruin,
          evilmike_swamp_ruin_house_3, evilmike_swamp_ruin_rubble_2,
          infiniplex_staircase_pool
Swamp:3:  layout_falls_marsh, hangedman_swamp_pad
Swamp:4:  swamp, layout_basic_swamp
Spider:1: layout_spider_delve, uniq_agnes, uniq_jorgrun, uniq_donald
Spider:2: layout_spider_delve
Spider:3: cheibrodos_spider_deadly_dance, nicolae_spider_cling_ruins
Spider:4: spider_rune_water, drop_trap, uniq_kirke, uniq_asterion
Orc:1:    layout_caves, gammafunk_ghost_cemetery, minmay_orc_treasury
Orc:2:    pf_orc_diabolical, layout_caves, basic_altar
Elf:1:    elf_arrival_002, layout_gridlike, portal_desolation_entry_twin_temple,
          minmay_elf_sorcery
Vaults:1: v_misc_28, vaults_dpeg_hooks, st_cross,
          nicolae_vaults_little_squares_4, v_misc_1,
          nicolae_vaults_little_squares_4, grunt_vaults_diagonal,
          vaults_room_fancy_cross, ontoclasm_vaults_fault,
          nicolae_vaults_little_squares_3, ontoclasm_vaults_bender, v_misc_19,
          layout_vaults_ring, enter_trove_3
Vaults:2: gammafunk_vaults_ghost_cemetery, vaults_mumra_chevron,
          gammafunk_sealed_arena, hangedman_vaults_stagger,
          hangedman_vaults_pinch, vaults_mumra_hex, vaults_room_fours,
          nicolae_vaults_yaktaur_gun_rack, grunt_vaults_hallway_short,
          layout_vaults_big_room, serial_shops, nicolae_shop_trees,
          nicolae_shop_overgrown_old_shop, nicolae_shop_overgrown_old_shop
Vaults:3: nicolae_vaults_puzzle_piece, st_more_cells,
          minmay_crypt_entry_skeletal_spiral, hangedman_vaults_variations,
          v_alt_pattern_2, layout_vaults_quadrants

Skill      XL: |  1  2  3  4  5  6  7  8  9 10 11 12 13 14 15 16 17 18 19 |
---------------+----------------------------------------------------------+-----
Conjurations   | 2 3 4 5 6 8 10 11 12 13 | 13.9
Spellcasting   | 4 5 6 8 9 10 11 12 13 14 15 | 15.3
Armour         | 1 4 5 |  5.0
Shields        | 2 5 7 9 11 12 | 12.2
Fighting       | 3 6 7 |  7.7
Air Magic      | 5 7 10 | 10.0
Fire Magic     | 5 10 14 17 19 | 19.0
Dodging        | |  1.7
Stealth        | |  1.7
Summonings     | |  1.0
Translocations | |  0.8

Action                   |  1- 3 |  4- 6 |  7- 9 | 10-12 | 13-15 | 16-18 | 19-21 || total
-------------------------+-------+-------+-------+-------+-------+-------+-------++-------
Melee: Spear             |    11 |    48 |   129 |   486 |  1071 |       |       ||  1745
       Scimitar          |       |       |       |       |   169 |    69 |    46 ||   284
       Demon trident     |       |       |       |       |   110 |    23 |    35 ||   168
 Fire: Hand crossbow     |       |       |       |       |   252 |       |       ||   252
       Hunting sling     |       |       |       |       |    15 |    26 |       ||    41
Throw: Boomerang         |       |       |       |       |    17 |       |       ||    17
 Cast: Magic Dart        |   106 |   173 |   204 |   407 |    96 |       |       ||   986
       Mephitic Cloud    |     1 |     1 |    20 |    89 |   164 |     6 |       ||   281
       Blink             |       |     1 |     4 |     3 |    16 |    20 |       ||    44
       Searing Ray       |       |       |       |       |    96 |    30 |     1 ||   127
       Lightning Bolt    |       |       |       |       |     6 |     1 |       ||     7
       Fireball          |       |       |       |       |    90 |   290 |    28 ||   408
       Conjure Ball Ligh |       |       |       |       |     3 |   300 |    76 ||   379
       Ignite Poison     |       |       |       |       |       |     7 |       ||     7
Invok: Call Merchant     |       |       |       |     1 |     1 |     3 |       ||     5
Evoke: Wand              |       |       |     6 |    40 |    28 |     2 |       ||    76
       Tin of tremorston |       |       |       |       |     8 |     1 |       ||     9
       Condenser vane    |       |       |       |       |     2 |     3 |       ||     5
  Use: Scroll            |     6 |    16 |    12 |     3 |    31 |    17 |       ||    85
       Potion            |       |       |     2 |     2 |     8 |     2 |       ||    14
 Stab: Sleeping          |     1 |       |       |       |     4 |       |     1 ||     6
       Confused          |       |       |     3 |    28 |    40 |       |       ||    71
       Distracted        |       |       |       |     1 |     3 |       |       ||     4
       Betrayed ally     |       |       |       |     1 |       |       |       ||     1
       Invisible         |       |       |       |       |     3 |       |       ||     3
       Paralysed         |       |       |       |       |     6 |     4 |       ||    10
Armor: Robe              |     3 |    19 |    23 |       |       |       |       ||    45
       Leather armour    |       |       |     3 |   101 |   237 |   106 |    22 ||   469
Dodge: Dodged            |    26 |    49 |    79 |   188 |   501 |   446 |    47 ||  1336
       Repelled          |       |       |       |       |     7 |     8 |     1 ||    16
Block: Other             |       |     9 |    41 |    27 |       |       |       ||    77
       Buckler           |       |       |       |   237 |   178 |   537 |    96 ||  1048
       Kite shield       |       |       |       |       |  1311 |    32 |       ||  1343
       Rpst.: Scimitar   |       |       |       |       |    25 |    42 |     3 ||    70

Table legend: (Time is in decaauts)
 A = Elapsed time spent in this place.
 B = Non-inter-level travel time spent in this place.
 C = Inter-level travel time spent in this place.
 D = Time resting spent in this place.
 E = Time spent auto-exploring this place.
 F = Levels seen in this place.
 G = Mean time per level.
                   A        B        C        D        E       F      G
               +--------+--------+--------+--------+--------+-----+--------+
         Total |  52448 |  48826 |   3622 |  15997 |  17342 |  37 | 1417.5 |
       Dungeon |  25424 |  23156 |   2268 |   8878 |   8521 |  15 | 1694.9 |
        Temple |    146 |    132 |     14 |      0 |     87 |   1 |  146.0 |
          Lair |   8163 |   7606 |    557 |   1312 |   3974 |   6 | 1360.5 |
         Swamp |   2803 |   2726 |     77 |   1195 |     46 |   4 |  700.8 |
   Spider Nest |   5838 |   5674 |    164 |   2384 |   1762 |   4 | 1459.5 |
  Orcish Mines |   4380 |   3996 |    384 |    661 |    771 |   2 | 2190.0 |
   Elven Halls |    114 |    114 |      0 |     44 |      0 |   1 |  114.0 |
        Vaults |   4733 |   4576 |    157 |    973 |   2154 |   3 | 1577.7 |
       Ossuary |    843 |    843 |      0 |    548 |     25 |   1 |  843.0 |
               +--------+--------+--------+--------+--------+-----+--------+

Top non-repeatable levels by time:
    D:11: 3148 daAuts
    D:13: 2998 daAuts
    D:14: 2896 daAuts
Spider:4: 2584 daAuts
    D:15: 2422 daAuts
    D:12: 2340 daAuts
   Orc:2: 2272 daAuts
   Orc:1: 2108 daAuts
  Lair:4: 2038 daAuts
Vaults:1: 1947 daAuts
  Lair:6: 1735 daAuts
Vaults:2: 1505 daAuts
     D:5: 1489 daAuts
     D:8: 1480 daAuts
Spider:3: 1388 daAuts
